 Dungeon Crawl Stone Soup version 0.23.0 (webtiles) character file.

Game seed: 9879569869266585769

135 dvd the Conjurer (level 5, -4/32 HPs)
             Began as an Octopode Conjurer on Feb 8, 2019.
             Slain by an orc priest (5 damage)
             ... on level 3 of the Dungeon.
             The game lasted 00:04:36 (2171 turns).

dvd the Conjurer (Octopode Conjurer)                Turns: 2171, Time: 00:04:37

Health: -4/32      AC:  1    Str:  8    XL:     5   Next: 18%
Magic:  0/8        EV: 13    Int: 17    God:
Gold:   106        SH:  0    Dex: 13    Spells: 2/8 levels left

rFire    . . .     SeeInvis .   c - +0 hand axe
rCold    . . .     Gourm    .   (no shield)
rNeg     . . .     Faith    .   (helmet restricted)
rPois    .         Spirit   .   (no amulet)
rElec    .         Reflect  .   (no ring)
rCorr    .         Harm     .   (no ring)
MR       .....                  (no ring)
Stlth    ++++......             (no ring)
HPRegen  0.10/turn              (no ring)
MPRegen  0.11/turn              (no ring)
                                (no ring)
                                (no ring)

@: no status effects
A: almost no armour, stealthy swim, amphibious, 8 rings, constrict 8, camouflage
1, gelatinous body 1
a: no special abilities


You were on level 3 of the Dungeon.
You were not hungry.

You visited 1 branch of the dungeon, and saw 3 of its levels.

You collected 106 gold pieces.

Inventory:

Hand Weapons
 c - a +0 hand axe (weapon)
 n - a +0 short sword of holy wrath
Wands
 m - a wand of polymorph (11)
Scrolls
 a - 4 scrolls of identify {unknown}
 g - a scroll of enchant armour {unknown}
 h - a scroll of amnesia {unknown}
 k - a scroll of noise {unknown}
 l - a scroll of remove curse {unknown}
 q - a scroll of teleportation {unknown}
Potions
 d - a potion of curing {unknown}
 e - a potion of lignification {unknown}
 f - a potion of degeneration {unknown}
 j - a potion of flight {unknown}
 o - a potion of brilliance {unknown}
 p - a potion of ambrosia {unknown}
Comestibles
 b - 6 rations
 i - 10 chunks of flesh


   Skills:
 + Level 0.6 Fighting
 + Level 1.5 Axes
 + Level 2.0 Dodging
 + Level 4.1 Stealth
 + Level 2.4 Spellcasting
 + Level 5.2 Conjurations


You had 2 spell levels left.
You knew the following spells:

 Your Spells              Type           Power        Failure   Level  Hunger
a - Magic Dart            Conj           ###.         2%          1    #......
b - Searing Ray           Conj           ###...       3%          2    ##.....
c - Dazzling Spray        Conj/Hex       ##....       19%         3    ###....

Your spell library contained the following spells:

 Spells                   Type           Power        Failure   Level  Hunger
 Iskenderun's Mystic Bla  Conj           ###.....     22%         4    #####..
 Force Lance              Conj/Tloc      ##......     54%         4    #####..
 Fulminant Prism          Conj/Hex       ##........   54%         4    #####..


Dungeon Overview and Level Annotations

Branches:
Dungeon (3/15)

Altars:


Innate Abilities, Weirdness & Mutations

You cannot wear most types of armour.
You are very stealthy in the water. (Stealth+)
You are amphibious.
You can wear up to eight rings at the same time.
You can use your tentacles to constrict eight enemies at once.
Your skin changes colour to match your surroundings (Stealth+).
Your rubbery body absorbs attacks. (AC +1, EV +1)


Message History

The leopard gecko closely misses you.
Unknown command.
Casting: Magic Dart (safe; 2% risk of failure)
Confirm with . or Enter, or press ? or * to list all spells.
Aiming: Magic Dart (safe; 2% risk of failure)
Press: ? - help, Shift-Dir - straight line, f/p - orc priest
Aim: an orc priest The magic dart hits the leopard gecko.
You kill the leopard gecko!
Unknown command.
You hit the orc priest but do no damage.
You grab the orc priest.
You squeeze the orc priest, but do no damage.
You constrict the orc priest. The orc priest closely misses you.
You hit the orc priest.
The orc priest is lightly wounded.
You constrict the orc priest. The orc priest hits you.
* * * LOW HITPOINT WARNING * * *
The orc priest hits you.
You die...

# l. ... .... .....
...o.l##############
w...oohh..)o)......+
......#####o########
..... #@# ##.. #(#
#. #.# #### #.#
..### #.# #... #.#
#..# #.# #####..##
######.## ........#
#......<#


You could see an orc priest and an orc.

Vanquished Creatures
  An orc priest (D:3)
  4 adders
  3 worms
  2 leopard geckos
  2 orcs (D:3)
  5 giant cockroaches
  4 goblins
  8 hobgoblins
  5 jackals
  A quokka (D:2)
  6 bats
  2 frilled lizards
  7 kobolds
  5 rats
55 creatures vanquished.

Notes
Turn   | Place    | Note
-------+----------+-------------------------------------------
     0 | D:1      | dvd the Octopode Conjurer began the quest for the Orb.
     0 | D:1      | Reached XP level 1. HP: 11/11 MP: 3/3
   402 | D:1      | Reached XP level 2. HP: 17/17 MP: 1/5
  1318 | D:2      | Reached XP level 3. HP: 21/21 MP: 0/6
  1348 | D:2      | Learned a level 2 spell: Searing Ray
  1352 | D:2      | Learned a level 3 spell: Dazzling Spray
  1515 | D:2      | Found a faded altar of an unknown god.
  1658 | D:2      | Reached XP level 4. HP: 27/27 MP: 4/7
  1702 | D:2      | Reached skill level 5 in Conjurations
  2162 | D:3      | Reached skill level 1 in Axes
  2162 | D:3      | Reached XP level 5. HP: 10/32 MP: 3/8
  2171 | D:3      | HP: 1/32 [orc priest (4)]
  2171 | D:3      | Slain by an orc priest

Skill      XL: |  1  2  3  4 |
---------------+-------------+-----
Stealth        | 3 4 |  4.1
Conjurations   | 5 |  5.2
Axes           | 1 |  1.5
Fighting       | |  0.6
Dodging        | |  2.0
Spellcasting   | |  2.4

Action                   |  1- 3 |  4- 6 || total
-------------------------+-------+-------++-------
Melee: Unarmed           |     6 |       ||     6
       Constrict         |     7 |    14 ||    21
       Tentacles         |     5 |     7 ||    12
       Hand axe          |    15 |    42 ||    57
 Cast: Magic Dart        |    45 |    17 ||    62
       Searing Ray       |     1 |     3 ||     4
 Stab: Sleeping          |     2 |     2 ||     4
  Eat: Chunk             |     3 |     2 ||     5
Armor: Skin              |       |     9 ||     9
Dodge: Dodged            |    10 |    39 ||    49
